 Dungeon Crawl Stone Soup version 0.27-a0-1137-g3ef0f4ec91 (webtiles) character file.

Game seed: 2174799141602111060

553 leviel the Bolt Thrower (level 7, -1/61 HPs)
             Began as a Minotaur Hunter on May 6, 2021.
             Killed from afar by a white imp (5 damage)
             ... with a puff of frost
             ... summoned by Eustachio
             ... on level 4 of the Dungeon.
             The game lasted 00:05:52 (2948 turns).

leviel the Bolt Thrower (Minotaur Hunter)           Turns: 2948, Time: 00:05:53

Health: -1/61      AC:  3    Str: 17    XL:     7   Next: 8%
Magic:  6/6        EV: 12    Int:  8    God:
Gold:   173        SH:  0    Dex: 12    Spells: 6/6 levels left

rFire    . . .     SeeInvis .   b - +2 dagger (vamp)
rCold    . . .     Faith    .   (no shield)
rNeg     . . .     Spirit   .   c - +0 leather armour
rPois    +         Reflect  .   (helmet restricted)
rElec    .         Harm     .   (no cloak)
rCorr    .         Rampage  .   (no gloves)
Will     .....                  (no boots)
Stlth    +.........             f - amulet of regeneration
HPRegen  1.20/turn              e - ring of poison resistance
MPRegen  0.10/turn              (no ring)

@: no status effects
A: horns 2, retaliatory headbutt
a: no special abilities


You were on level 4 of the Dungeon.
You visited 1 branch of the dungeon, and saw 4 of its levels.

You collected 187 gold pieces.
You spent 14 gold pieces at shops.

Inventory:

Hand Weapons
 a - a +1 hand crossbow
 b - a +2 vampiric dagger (weapon)
Missiles
 d - 20 bolts
Armour
 c - a +0 leather armour (worn)
Jewellery
 e - a ring of poison resistance (left hand)
 f - an amulet of regeneration (around neck)
 l - a ring of ice
Scrolls
 g - 2 scrolls of identify
 h - a scroll of fear {unknown}
 j - a scroll of torment {unknown}
 k - a scroll of teleportation
 n - a scroll of fog {unknown}
 o - a scroll of enchant weapon {unknown}
Potions
 m - a potion of heal wounds {unknown}


   Skills:
 * Level 5.0 Fighting
 + Level 2.8 Short Blades
 + Level 6.5 Crossbows
 + Level 3.0 Armour
 + Level 3.2 Dodging
 + Level 1.3 Stealth


You had 6 spell levels left.
You didn't know any spells.
Your spell library contained the following spells:

 Spells                   Type           Power      Damage    Failure   Level
 Poisonous Vapours        Pois/Air       0%         N/A       61%         2
 Conjure Flame            Conj/Fire      0%         6-21      83%         3
 Mephitic Cloud           Conj/Pois/Air  0%         N/A       83%         3
 Freezing Cloud           Conj/Ice/Air   0%         6-21      100%        6


Dungeon Overview and Level Annotations

Branches:
Dungeon (4/15)
 Temple: D:4-7

Altars:
Dithmenos
Elyvilon
Kikubaaqudgha
Ru

Shops:
D:3 ?   D:4 (

Annotations:
D:4 Eustachio


Innate Abilities, Weirdness & Mutations

You have a pair of horns on your head.
You reflexively headbutt those who attack you in melee.


Message History

The shadow imp closely misses you. Eustachio hits you with a +0 falchion!
The white imp shouts, "Fly, thou peeagling idle-headed cow!"
The white imp gestures at you. The puff of frost hits you!
You barely miss Eustachio.
Eustachio is severely wounded.
The rat bites you but does no damage. The shadow imp barely misses you.
Eustachio hits you with a +0 falchion. The white imp hits you.
The white imp freezes you. The shadow imp hits you.
* * * LOW HITPOINT WARNING * * *
You closely miss Eustachio.
You headbutt Eustachio, but do no damage.
Eustachio is severely wounded.
The rat closely misses you.
The shadow imp hits you but does no damage.
Eustachio hits you with a +0 falchion.
* * * LOW HITPOINT WARNING * * *
The white imp hits you.
* * * LOW HITPOINT WARNING * * *
The white imp freezes you.
* * * LOW HITPOINT WARNING * * *
The shadow imp hits you.
* * * LOW HITPOINT WARNING * * *
It was a potion of curing.
You feel better. The rat misses you.
The shadow imp hits you but does no damage.
Eustachio barely misses you. The white imp hits you.
* * * LOW HITPOINT WARNING * * *
The white imp freezes you.
* * * LOW HITPOINT WARNING * * *
The shadow imp hits you.
* * * LOW HITPOINT WARNING * * *
Okay, then.
You hit Eustachio.
You feel better.
Eustachio is severely wounded.
The rat closely misses you. The shadow imp hits you.
* * * LOW HITPOINT WARNING * * *
Eustachio closely misses you. The white imp gestures at you.
The puff of frost hits you.
You die...

#..........# #.# ..#.
#.#####.#### #.# ...
#.# #.# #.#####.#
#.#####.######.......#
#....................#
####......##.........#
####.#...(#.......#
#.##.5......†..#
###.##r@@.....().#
#.....55.(.......#
#.#..............#
#.#..######..#...#
#<.#.# #....### ##.#.#
##.#..# #.#.# #.##..#
#....).# #.#####
#......# #..#


You could see Eustachio, a white imp (summoned), 2 shadow imps and a rat
(summoned).

Vanquished Creatures
  An ogre (D:4)
  A bullfrog (D:3)
  A hound (D:4)
  A jelly (D:2)
  An orc priest (D:4)
  A bullfrog skeleton (D:4)
  An iguana (D:4)
  Terence (D:2)
  Natasha (twice) (D:4)
  2 orc wizards
  4 adders
  2 worms
  11 orcs
  9 bats
  7 endoplasms
  5 giant cockroaches
  7 goblins
  7 hobgoblins
  4 jackals
  6 kobolds
  3 quokkas (D:1)
  4 ball pythons
  5 frilled lizards
  6 rats
92 creatures vanquished.

Vanquished Creatures (others)
  3 plants (D:1)
3 creatures vanquished.

Grand Total: 95 creatures vanquished

Notes
Turn   | Place    | Note
-------+----------+-------------------------------------------
     0 | D:1      | leviel the Minotaur Hunter began the quest for the Orb.
     0 | D:1      | Reached XP level 1. HP: 18/18 MP: 0/0
   257 | D:1      | Reached XP level 2. HP: 17/25 MP: 1/1
   455 | D:1      | Found a faded altar of an unknown god.
   680 | D:1      | Reached skill level 5 in Crossbows
   682 | D:1      | Reached skill level 1 in Armour
   943 | D:2      | Reached XP level 3. HP: 27/30 MP: 2/2
  1133 | D:2      | Reached XP level 4. HP: 38/38 MP: 3/3
  1639 | D:2      | Noticed Terence
  1673 | D:2      | Killed Terence
  1813 | D:3      | Reached skill level 6 in Crossbows
  1871 | D:3      | Noticed a bullfrog
  1878 | D:3      | Killed a bullfrog
  1879 | D:3      | Reached skill level 1 in Short Blades
  1879 | D:3      | Reached XP level 5. HP: 44/46 MP: 4/4
  2187 | D:3      | Found a white marble altar of Elyvilon.
  2197 | D:3      | Found Rohuz's Magic Scroll Emporium.
  2205 | D:3      | Bought a scroll of noise for 14 gold pieces
  2208 | D:3      | Found an ancient bone altar of Kikubaaqudgha.
  2482 | D:4      | Found a shadowy altar of Dithmenos.
  2554 | D:3      | Reached XP level 6. HP: 47/52 MP: 5/5
  2571 | D:4      | Reached skill level 1 in Stealth
  2685 | D:4      | Noticed Natasha
  2694 | D:4      | Killed Natasha
  2816 | D:4      | Reached skill level 5 in Fighting
  2816 | D:4      | Reached XP level 7. HP: 61/61 MP: 6/6
  2830 | D:4      | Found a sacrificial altar of Ru.
  2830 | D:4      | Noticed Natasha
  2839 | D:4      | Killed Natasha
  2858 | D:4      | Found Zaadomiot's Antique Weapon Shoppe.
  2920 | D:4      | Noticed Eustachio
  2946 | D:4      | HP: 2/61 [shadow imp[Eustachio] (2)]
  2948 | D:4      | Killed from afar by a white imp

Illustrated notes

Levels and vault maps discovered:
D:1:      lightli_arrival_statuegarden, layout_loops_ring,
          shapermc_ecumenical_altar_mp_ritualfount, serial_bayou_pond_a
D:2:      layout_loops_ring, amcnicky_mini_corridor_feature, uniq_sigmund,
          uniq_terence
D:3:      kb_forest_paths, layout_rooms, lemuel_doored_altar,
          nicolae_overflow_hidden_temple, serial_shops, shop
D:4:      layout_rooms, grunt_temple_overflow_open, amcnicky_altar_gilded,
          serial_shops, shop, kennysheep_dice, uniq_natasha, uniq_grinder,
          uniq_eustachio

Skill      XL: |  1  2  3  4  5  6 |
---------------+-------------------+-----
Crossbows      | 5 6 |  6.5
Armour         | 1 2 3 |  3.0
Fighting       | 3 4 5 |  5.0
Short Blades   | 1 2 |  2.8
Stealth        | 1 |  1.3
Dodging        | 3 |  3.2

Action                   |  1- 3 |  4- 6 |  7- 9 || total
-------------------------+-------+-------+-------++-------
Melee: Dagger            |    35 |   149 |    22 ||   206
       Headbutt          |    11 |    28 |     4 ||    43
 Fire: Hand crossbow     |    36 |    43 |     3 ||    82
  Use: Potion            |       |     4 |     1 ||     5
       Scroll            |       |     3 |       ||     3
 Stab: Invisible         |       |     1 |       ||     1
       Sleeping          |       |     1 |       ||     1
Armor: Leather armour    |     9 |    36 |    10 ||    55
Dodge: Dodged            |    18 |   113 |    25 ||   156

Table legend: (Time is in decaauts)
 A = Elapsed time spent in this place.
 B = Non-inter-level travel time spent in this place.
 C = Inter-level travel time spent in this place.
 D = Time resting spent in this place.
 E = Time spent auto-exploring this place.
 F = Levels seen in this place.
 G = Mean time per level.
                   A        B        C        D        E       F      G
               +--------+--------+--------+--------+--------+-----+--------+
         Total |   2950 |   2887 |     63 |     63 |   2241 |   4 |  737.5 |
       Dungeon |   2950 |   2887 |     63 |     63 |   2241 |   4 |  737.5 |
               +--------+--------+--------+--------+--------+-----+--------+

Top non-repeatable levels by time:
     D:1: 925 daAuts
     D:2: 883 daAuts
     D:3: 736 daAuts
     D:4: 405 daAuts
